 Dungeon Crawl Stone Soup version 0.21.1-1-g345015f (webtiles) character file.

459 sanboga the Skirmisher (level 7, -5/44 HPs)
             Began as a Gargoyle Berserker on Mar 13, 2018.
             Was a Priest of Trog.
             Slain by an ogre
             ... wielding a +0 giant club
              (20 damage)
             ... on level 4 of the Dungeon on Mar 14, 2018.
             The game lasted 00:06:02 (2511 turns).

sanboga the Skirmisher (Gargoyle Berserker)         Turns: 2511, Time: 00:06:03

Health: -5/44      AC: 14    Str: 23    XL:     7   Next: 6%
Magic:  7/7        EV:  8    Int:  7    God:    Trog [***...]
Gold:   166        SH:  0    Dex:  9    Spells: 6/6 levels left

rFire    . . .     SeeInvis .   b - +0 war axe
rCold    . . .     Gourm    .   (no shield)
rNeg     + . .     Faith    .   i - +0 chain mail
rPois    ∞         Spirit   .   (no helmet)
rElec    +         Reflect  .   (no cloak)
rCorr    .         Harm     .   (no gloves)
MR       .....                  (no boots)
Stlth    ..........             (no amulet)
HPRegen  0.14/turn              (no ring)
MPRegen  0.10/turn              (no ring)

@: no status effects
A: negative energy resistance 1, electricity resistance, unbreathing,
petrification resistance, rot immunity, AC +4
a: Berserk, Trog's Hand, Burn Spellbooks, Renounce Religion


You were on level 4 of the Dungeon.
You worshipped Trog.
Trog was most pleased with you.
You were hungry.

You visited 1 branch of the dungeon, and saw 4 of its levels.

You collected 166 gold pieces.

Inventory:

Hand Weapons
 b - a +0 war axe (weapon)
Armour
 i - a +0 chain mail (worn)
Scrolls
 a - a scroll of remove curse
 h - a scroll of identify
Potions
 d - a potion of agility
 f - a potion of curing
 g - a potion of might
Comestibles
 c - 4 rations


   Skills:
 + Level 5.5 Fighting
 + Level 4.5 Axes
 + Level 4.9 Armour
 - Level 1.5 Dodging


You had 6 spell levels left.
You didn't know any spells.

Dungeon Overview and Level Annotations

Branches:
Dungeon (4/15)
 Temple: D:4-7

Altars:
Dithmenos
Gozag
Trog
Uskayaw
Vehumet


Innate Abilities, Weirdness & Mutations

You are resistant to torment.
Your stone body is resilient. (AC +4)
You are immune to poison.
You resist negative energy. (rN+)
You are resistant to electric shocks. (rElec)
You can survive without breathing.
You are immune to petrification.
You are immune to rotting.


Message History

An adder and an ogre come into view.
The adder hisses angrily.
The ogre shouts!
Found a potion of curing.
The ogre hits you with a giant club! The adder bites you.
You see here a silvery potion.
Your chain mail prevents you from hitting the ogre.
You slash the adder!
You kill the adder!
Trog accepts your kill. The ogre closely misses you.
You hit the ogre.
The ogre is moderately wounded.
The ogre barely misses you.
You slash the ogre!
The ogre is severely wounded.
The ogre hits you with a giant club!!
You slash the ogre!
The ogre is almost dead.
The ogre hits you with a giant club!!
You die...

# #.....#.# #
#.....#.#
#.....#.##..
....#
#.....#....#
###.#
##.......#
#......#.##
#.........#.
##...........
#....@........
#..#.O........
#..##..........
...#
#.......... ...
#.!....... .#
..........
.©........
######..###


You could see an ogre.

Vanquished Creatures
  The ghost of tamerofbeasts the Shield-Bearer, an amateur MiFi (D:3)
  An ogre (D:4)
  An orc wizard (D:3)
  3 adders
  An adder zombie (D:2)
  2 adder skeletons
  4 worms
  A dart slug (D:1)
  2 leopard geckos
  11 orcs (D:3)
  7 bats
  3 giant cockroaches
  7 goblins
  6 hobgoblins
  3 jackals (D:2)
  6 kobolds
  2 quokkas (D:3)
  4 frilled lizards
  A giant cockroach zombie (D:2)
  A leopard gecko skeleton (D:4)
  2 quokka skeletons (D:2)
  4 rats
  2 fungi (D:1)
75 creatures vanquished.

Vanquished Creatures (others)
  A jackal skeleton (D:2)
  A kobold (D:2)
2 creatures vanquished.

Grand Total: 77 creatures vanquished

Notes
Turn   | Place    | Note
-------+----------+-------------------------------------------
     0 | D:1      | sanboga the Gargoyle Berserker began the quest for the Orb.
     0 | D:1      | Reached XP level 1. HP: 14/14 MP: 1/1
   269 | D:1      | Reached XP level 2. HP: 19/19 MP: 2/2
   801 | D:2      | Found a shadowy altar of Dithmenos.
   815 | D:2      | Found a hide-covered altar of Uskayaw.
   872 | D:2      | Reached XP level 3. HP: 18/24 MP: 3/3
   876 | D:2      | Reached ** piety under Trog
   922 | D:2      | Found a radiant altar of Vehumet.
   998 | D:2      | Found an opulent altar of Gozag.
  1006 | D:2      | Reached skill level 4 in Fighting
  1026 | D:2      | Reached XP level 4. HP: 15/29 MP: 4/4
  1459 | D:2      | Found a bloodstained altar of Trog.
  1668 | D:3      | Reached XP level 5. HP: 33/34 MP: 5/5
  1802 | D:3      | Reached *** piety under Trog
  1875 | D:3      | Noticed tamerofbeasts's ghost (amateur MiFi)
  1885 | D:3      | Killed tamerofbeasts's ghost
  1885 | D:3      | Reached skill level 5 in Fighting
  1885 | D:3      | Reached XP level 6. HP: 30/40 MP: 6/6
  2478 | D:4      | Reached XP level 7. HP: 40/44 MP: 7/7
  2511 | D:4      | Slain by an ogre

Skill      XL: |  1  2  3  4  5 |
---------------+----------------+-----
Axes           | 3 4 |  4.5
Armour         | 3 4 |  4.9
Fighting       | 4 5 |  5.5
Dodging        | |  1.5

Action                   |  1- 3 |  4- 6 |  7- 9 || total
-------------------------+-------+-------+-------++-------
Melee: Hand axe          |   107 |       |       ||   107
       War axe           |    24 |   116 |     9 ||   149
Invok: Berserk           |       |     1 |       ||     1
  Use: Scroll            |     5 |     4 |     2 ||    11
       Potion            |       |     4 |       ||     4
  Eat: Chunk             |     1 |     5 |       ||     6
Armor: Animal skin       |    38 |       |       ||    38
       Ring mail         |    34 |    51 |       ||    85
       Scale mail        |       |    22 |       ||    22
       Chain mail        |       |     2 |     6 ||     8
Dodge: Dodged            |    90 |    73 |     3 ||   166
